 Dungeon Crawl Stone Soup version 0.29.0-4-gdea44cf6ec (webtiles) character file.

Game seed: 254910217748064535

77 qw the Chopper (level 4, 0/26 HPs)
             Began as a Tengu Warper on Aug 28, 2022.
             Succumbed to a gnoll's poison
             ... on level 2 of the Dungeon.
             The game lasted 00:00:13 (2609 turns).

qw the Chopper (Tengu Warper)                       Turns: 2609, Time: 00:00:14

Health: 0/26       AC:  4    Str: 13    XL:     4   Next: 34%
Magic:  8/8        EV: 12    Int: 13    God:
Gold:   58         SH:  0    Dex: 14    Spells: 7/7 levels left

rFire   . . .      SeeInvis .   a - +0 war axe
rCold   . . .      Faith    .   (no shield)
rNeg    . . .      Spirit   .   b - +0 leather armour
rPois   .          Reflect  .   (helmet restricted)
rElec   .          Harm     .   (no cloak)
rCorr   .          Rampage  .   i - +0 pair of gloves
Will    .....                   (boots unavailable)
Stlth   +.........              (no amulet)
HPRegen 0.08/turn               (no ring)
MPRegen 0.11/turn               (no ring)

@: lethally poisoned (0 -> -6)
A: beak, talons 3
a: no special abilities


You were on level 2 of the Dungeon.
You visited 1 branch of the dungeon, and saw 2 of its levels.

You collected 58 gold pieces.


Innate Abilities, Weirdness & Mutations

You have a beak for a mouth.
You have claws for feet.


   Skills:
 - Level 2.0 Fighting
 + Level 4.9 Axes
 - Level 1.0 Throwing
 - Level 1.1 Armour
 - Level 2.1 Dodging
 - Level 2.0 Spellcasting
 - Level 2.4 Translocations


You had 7 spell levels left.
You didn't know any spells.
Your spell library contained the following spells:

 Spells                   Type           Power      Damage    Failure   Level
 Blink                    Tloc           14%        N/A       19%         2
 Gell's Gravitas          Tloc           7%         N/A       36%         3
 Lesser Beckoning         Tloc           7%         N/A       36%         3
 Teleport Other           Tloc           7%         N/A       36%         3
 Manifold Assault         Tloc           7%         N/A       98%         5

Inventory:

Hand Weapons
 a - a +0 war axe (weapon)
 h - a +0 club
Armour
 b - a +0 leather armour (worn)
 i - a +0 pair of gloves (worn)
Scrolls
 f - a scroll of summoning {unknown}
 j - a scroll of enchant weapon {unknown}
Potions
 c - 2 potions of degeneration {unknown}
 d - a potion of flight {unknown}
 e - a potion of attraction {unknown}
 g - a potion of curing {unknown}

Dungeon Overview and Level Annotations

Branches:
Dungeon (2/15)

Altars:
Ashenzari


Message History

The adder barely misses you. The adder bites you but does no damage.
You hit the adder.
You kill the adder!
You start resting.
HP restored.
You see here a +0 club.
Found a stone staircase leading down. 2 gnolls come into view.
A gnoll is wielding a +2 halberd of venom.
Found a stone staircase leading up.
The gnoll shouts! x2
A gnoll comes into view. It is wielding a +0 flail.
Enter note:
Enter note:
Enter note:
2601 ||| Stepping ~*~*~tactically~*~*~ (hiding).
You start waiting.
A gnoll is nearby!
You barely miss the gnoll. Your kick misses the gnoll.
The gnoll hits you with a +2 halberd of venom!
You are lethally poisoned!
You slash the gnoll!
The gnoll is severely wounded.
You feel very sick. The gnoll barely misses you.
You hit the gnoll. Your peck misses the gnoll.
The gnoll is severely wounded.
You feel very sick. The gnoll closely misses you.
You hit the gnoll. Your kick misses the gnoll.
You peck the gnoll, but do no damage.
The gnoll is almost dead.
You hit the gnoll.
You feel sick.
The gnoll hits you with a +2 halberd of venom.
The gnoll barely misses you.
You slash the gnoll!
You kill the gnoll!
You hit the gnoll.
You die...

.........##.............
##
..........#.............
........#.#............
.......##.##.........##
..#...###...........##
#####.#####..##.#..##
##..#.........#)#####..
#.............)g......#
#............#@#.####..
#### #.._.........#.#...
....
#......#######.#..... #
#..)..## ##..#.g..... #
##..########..##...g...
#..# ##.....## .......
######..##### ..g...< #
#.....# # #.....# #


You could see a gnoll.

Vanquished Creatures
  A gnoll (D:2)
  2 adders (D:2)
  A worm (D:2)
  A dart slug (D:2)
  2 ball pythons (D:2)
  3 endoplasms (D:1)
  3 giant cockroaches
  7 goblins
  3 hobgoblins (D:1)
  11 jackals
  4 kobolds
  2 quokkas
  4 bats (D:1)
  3 frilled lizards
  2 rats (D:1)
49 creatures vanquished.

Vanquished Creatures (others)
  3 withered plants (D:1)
3 creatures vanquished.

Grand Total: 52 creatures vanquished

Notes
Turn   | Place    | Note
-------+----------+-------------------------------------------
     0 | D:1      | qw the Tengu Warper began the quest for the Orb.
     0 | D:1      | Reached XP level 1. HP: 12/12 MP: 4/4
     0 | D:1      | 0 ||| qw: Version: 0.1-a-89-g26bdef1
     0 | D:1      | 0 ||| qw: Game counter: 1640
     0 | D:1      | 0 ||| qw: Always use a shield: true
     0 | D:1      | 0 ||| qw: God list: Okawaru
     0 | D:1      | 0 ||| qw: Allow faded altars: false
     0 | D:1      | 0 ||| qw: Do Orc after D:15 true
     0 | D:1      | 0 ||| qw: Do second Lair branch before Depths: true
     0 | D:1      | 0 ||| qw: Lair rune preference: random
     0 | D:1      | 0 ||| qw: Plans: Normal
     0 | D:1      | 0 ||| PLANNING D:1-11
    29 | D:1      | 29 ||| Stepping ~*~*~tactically~*~*~ (stealth).
   118 | D:1      | 118 ||| Stepping ~*~*~tactically~*~*~ (stealth).
   130 | D:1      | HP: 3/12 [jackal (2)]
   353 | D:1      | 353 ||| Stepping ~*~*~tactically~*~*~ (stealth).
   358 | D:1      | Reached XP level 2. HP: 16/17 MP: 6/6
   389 | D:1      | Reached skill level 3 in Axes
   437 | D:1      | Found a faded altar of an unknown god.
   444 | D:1      | 444 ||| Stepping ~*~*~tactically~*~*~ (stealth).
   521 | D:1      | 521 ||| Stepping ~*~*~tactically~*~*~ (stealth).
   629 | D:1      | Reached XP level 3. HP: 18/21 MP: 7/7
  1116 | D:1      | Reached skill level 4 in Axes
  1220 | D:1      | 1220 ||| UPGRADING to +0 pair of gloves.
  1225 | D:1      | 1225 ||| READING 2 scrolls labelled TIOTEO FIEFOMN.
  1226 | D:1      | 1226 ||| READING scroll labelled CIHAFOTAKH.
  1227 | D:1      | 1227 ||| READING scroll labelled XAYRENWORAN.
  1228 | D:1      | 1228 ||| READING scroll labelled WAIROSK FORHU.
  1229 | D:1      | 1229 ||| DROPPING scroll of poison.
  1230 | D:1      | 1230 ||| DROPPING scroll of blinking.
  1231 | D:1      | 1231 ||| Stepping randomly (stuck).
  1232 | D:1      | 1232 ||| Stepping ~*~*~tactically~*~*~ (cloud).
  1500 | D:2      | 1500 ||| Stepping ~*~*~tactically~*~*~ (hiding).
  1501 | D:2      | 1501 ||| SWAPPING to +0 war axe.
  1602 | D:2      | 1602 ||| DROPPING +0 hand axe.
  1604 | D:2      | 1604 ||| Stepping ~*~*~tactically~*~*~ (hiding).
  1706 | D:2      | 1706 ||| Stepping ~*~*~tactically~*~*~ (hiding).
  1808 | D:2      | 1808 ||| Stepping ~*~*~tactically~*~*~ (hiding).
  2104 | D:2      | 2104 ||| Stepping ~*~*~tactically~*~*~ (stealth).
  2106 | D:2      | 2106 ||| Stepping ~*~*~tactically~*~*~ (stealth).
  2108 | D:2      | 2108 ||| Stepping ~*~*~tactically~*~*~ (stealth).
  2111 | D:2      | 2111 ||| Stepping ~*~*~tactically~*~*~ (stealth).
  2113 | D:2      | 2113 ||| Stepping ~*~*~tactically~*~*~ (stealth).
  2125 | D:2      | 2125 ||| Stepping ~*~*~tactically~*~*~ (stealth).
  2149 | D:2      | 2149 ||| Stepping ~*~*~tactically~*~*~ (hiding).
  2150 | D:2      | 2150 ||| Stepping ~*~*~tactically~*~*~ (stealth).
  2355 | D:2      | Reached XP level 4. HP: 26/26 MP: 8/8
  2442 | D:2      | Found a broken altar of Ashenzari.
  2601 | D:2      | 2601 ||| Stepping ~*~*~tactically~*~*~ (hiding).
  2608 | D:2      | HP: 5/26 [poisoned by a gnoll]
  2608 | D:2      | HP: 2/26 [gnoll/+2 halberd of venom (3)]
  2609 | D:2      | Succumbed to a gnoll's poison

Levels and vault maps discovered:
D:1:      dpeg_arrival_tiny_a, layout_loops_ring,
          shapermc_ecumenical_altar_flowoftime
D:2:      layout_rooms, basic_altar

Skill      XL: |  1  2  3 |
---------------+----------+-----
Axes           | 3 4 |  4.9
Fighting       | |  2.0
Throwing       | |  1.0
Armour         | |  1.1
Dodging        | |  2.1
Spellcasting   | |  2.0
Translocations | |  2.4

Action                   |  1- 3 |  4- 6 || total
-------------------------+-------+-------++-------
Melee: Hand axe          |    85 |       ||    85
       Kick              |    24 |     4 ||    28
       Peck              |    18 |     3 ||    21
       War axe           |    29 |    18 ||    47
       Punch             |     1 |       ||     1
Throw: Boomerang         |     7 |       ||     7
  Use: Scroll            |     4 |       ||     4
Armor: Leather armour    |    40 |     4 ||    44
Dodge: Dodged            |    81 |    10 ||    91

Table legend:
 A = Non-vault XP
 B = Vault XP
 C = Vault XP percentage of total XP
 D = Non-vault monster count
 E = Vault monster count
 F = Vault count percentage of total count
                 A         B        C        D         E       F
            +---------+---------+-------+---------+---------+-------
      Total |     126 |       0 |   0.0 |      49 |       0 |   0.0
            +---------+---------+-------+---------+---------+-------
        D:1 |      50 |       0 |   0.0 |      30 |       0 |   0.0
        D:2 |      76 |       0 |   0.0 |      19 |       0 |   0.0
            +---------+---------+-------+---------+---------+-------
